 Dungeon Crawl Stone Soup version 0.29.1-12-g30fa7ad0bf (webtiles) character file.

Game seed: 5166529760383662080

15 FexLirch the Digger (level 2, 0/20 HPs)
             Began as a Meteoran Earth Elementalist on Jan 5, 2023.
             Slain by Grinder (1 damage)
             ... on level 3 of the Dungeon.
             The game lasted 00:02:06 (153 turns).

FexLirch the Digger (Meteoran Earth Elementalist)    Turns: 153, Time: 00:02:07

Health: 0/20       AC:  2    Str:  9    XL:     2   Next: 88%
Magic:  2/7        EV: 12    Int: 16    God:
Gold:   0          SH:  0    Dex: 14    Spells: 6/7 levels left

rFire   . . .      SeeInvis .   f - +1 whip (venom)
rCold   . . .      Faith    .   (no shield)
rNeg    . . .      Spirit   .   a - +0 robe
rPois   .          Reflect  .   (no helmet)
rElec   .          Harm     .   (no cloak)
rCorr   .          Rampage  .   (no gloves)
Will    .....                   (no boots)
Stlth   +.........              (no amulet)
HPRegen 0.06/turn               (no ring)
MPRegen 0.10/turn               (no ring)

@: glowing
A: sense surroundings 1, otherworldly, glowing, explore regen
a: no special abilities


You were on level 3 of the Dungeon.
You visited 1 branch of the dungeon, and saw 4 of its levels.

Inventory:

Hand Weapons
 c - a +0 spear
 f - a +1 whip of venom (weapon)
Armour
 a - a +0 robe (worn)
Scrolls
 e - 3 scrolls of blinking {unknown}
 g - a scroll of identify {unknown}
Potions
 b - a potion of magic
 d - 2 potions of brilliance {unknown}


   Skills:
 - Level 2.4 Dodging
 - Level 1.4 Stealth
 + Level 3.1 Spellcasting
 + Level 1.2 Conjurations
 - Level 1.2 Transmutations
 + Level 4.0 Earth Magic


You had 6 spell levels left.
You knew the following spells:

 Your Spells              Type           Power      Damage    Failure   Level
a - Sandblast             Erth           30%        2d9       3%          1

Your spell library contained the following spells:

 Spells                   Type           Power      Damage    Failure   Level
 Passwall                 Tmut/Erth      8%         N/A       10%         2
 Stone Arrow              Conj/Erth      22%        3d8       19%         3
 Petrify                  Tmut/Erth      10%        N/A       54%         4


Dungeon Overview and Level Annotations

Branches:
Dungeon (4/15) Zot: 2234
 Temple: D:4-7

Altars:

Annotations:
D:3 Grinder


Innate Abilities, Weirdness & Mutations

You passively map a small area around you.
You are easily found by Zot.
You glow in the dark.
You regain HP and MP as you explore.


Message History

Unknown command.
Casting: Sandblast (safe; 3% risk of failure)
Confirm with . or Enter, or press ? or * to list all spells.
Aiming: Sandblast (safe; 3% risk of failure)
Press: ? - help, Shift-Dir - straight line, f/p - Grinder
Aim: Grinder (moderately wounded, unusually resistant, 80% to hit)
The blast of sand misses Grinder.
Grinder gestures at you.
You shrug off the repeated paralysis!
Casting: Sandblast (safe; 3% risk of failure)
Confirm with . or Enter, or press ? or * to list all spells.
Aiming: Sandblast (safe; 3% risk of failure)
Press: ? - help, Shift-Dir - straight line, f/p - Grinder
Aim: Grinder (moderately wounded, unusually resistant, 80% to hit)
The blast of sand hits Grinder.
Grinder is moderately wounded.
Grinder closely misses you. Grinder hits you.
* * * LOW HITPOINT WARNING * * *
You writhe in agony.
* * * LOW HITPOINT WARNING * * *
Casting: Sandblast (safe; 3% risk of failure)
Confirm with . or Enter, or press ? or * to list all spells.
Aiming: Sandblast (safe; 3% risk of failure)
Press: ? - help, Shift-Dir - straight line, f/p - Grinder
Aim: Grinder (moderately wounded, unusually resistant, 80% to hit)
Okay, then.
Unknown command.
Unknown command.
Casting: Sandblast (safe; 3% risk of failure)
Confirm with . or Enter, or press ? or * to list all spells.
You don't know that spell.
Casting: Sandblast (safe; 3% risk of failure)
Confirm with . or Enter, or press ? or * to list all spells.
Aiming: Sandblast (safe; 3% risk of failure)
Press: ? - help, Shift-Dir - straight line, f/p - Grinder
Aim: Grinder (moderately wounded, unusually resistant, 80% to hit)
The blast of sand hits Grinder!
Grinder is severely wounded.
Grinder hits you.
You die...

* , , * , * .. , ,
.. ,, ,, , **#. ,
, , * , , , #., ,
, , , #. * * , **
#. , ..# # *
...#.#.###* ....*
.......@.#####.#.
* , , ,
#.###.5#.........,
,* #.###..###.#**
* , * #.
##...#.#### , #,
###......###### *
,* ##........... ,
#.### ######....##
, .....## ####...
, * #. .....# ####


You could see Grinder (resistant).

Vanquished Creatures
  3 orcs
  A ball python (D:2)
  An endoplasm (D:1)
  A giant cockroach (D:4)
  3 jackals (D:4)
  A bat (D:2)
10 creatures vanquished.

Notes
Turn   | Place    | Note
-------+----------+-------------------------------------------
     0 | D:1      | FexLirch the Meteoran Earth Elementalist began the quest
                  | for the Orb.
     0 | D:1      | Reached XP level 1. HP: 14/14 MP: 5/5
    58 | D:3      | Reached XP level 2. HP: 20/20 MP: 4/6
    85 | D:4      | Reached skill level 1 in Conjurations
    94 | D:4      | Reached skill level 4 in Earth Magic
   146 | D:3      | Noticed Grinder
   149 | D:3      | Paralysed by Grinder for 2 turns
   152 | D:3      | HP: 1/20 [Grinder (1)]
   153 | D:3      | Slain by Grinder

Illustrated notes

Levels and vault maps discovered:
D:1:      reono_arrival_forest_river, layout_loops_ring,
          hellmonk_ecumenical_altar_zigzags
D:2:      layout_basic, minmay_tree_intersection, glass_columns_c
D:3:      layout_rooms, uniq_sigmund, uniq_grinder, uniq_terence, uniq_robin
D:4:      layout_basic, mainiacjoe_overflow_24_doors, lemuel_doored_altar,
          mainiacjoe_overflow_brackets

Skill      XL: |  1  2 |
---------------+-------+-----
Spellcasting   | 3 |  3.1
Conjurations   | 1 |  1.2
Earth Magic    | 4 |  4.0
Dodging        | |  2.4
Stealth        | |  1.4
Transmutations | |  1.2

Action                   || total
-------------------------++-------
Melee: Spear             ||     1
 Cast: Sandblast         ||    19
Armor: Robe              ||     3
Dodge: Dodged            ||     8
